 Dungeon Crawl Stone Soup version 0.31.0 (webtiles) character file.

Game seed: 7449139308789308073

212 James the Poker (level 6, 0/48 HPs)
             Began as a Formicid Cinder Acolyte on Jan 19, 2024.
             Was a High Priest of Ignis.
             Frozen to death by an endoplasm (5 damage)
             ... on level 4 of the Dungeon.
             The game lasted 00:11:50 (3705 turns).

James the Poker (Formicid Cinder Acolyte)           Turns: 3705, Time: 00:11:51

Health: 0/48       AC:  3    Str: 21    XL:     6   Next: 14%
Magic:  7/7        EV: 11    Int: 13    God:    Ignis [*****.]
Gold:   79         SH:  0    Dex:  9    Spells: 7/7 levels left

rFire   + . .        a - +0 trident
rCold   . . .        (no shield)
rNeg    . . .        p - +0 leather armour
rPois   .            (helmet unavailable)
rElec   .            (no cloak)
rCorr   .            (no gloves)
SInv    +            (no boots)
Will    .....        (no amulet)
Stlth   +            (no ring)
HPRegen 0.28/turn    (no ring)
MPRegen 0.10/turn

%: no passive effects
@: lethally poisoned (0 -> -8)
A: permanent stasis, dig shafts and tunnels, antennae 3, four strong arms
a: Dig, Shaft Self, Renounce Religion, Fiery Armour, Foxfire Swarm, Rising Flame


You were on level 4 of the Dungeon.
You worshipped Ignis.
Ignis was extremely pleased with you.
You visited 1 branch of the dungeon, and saw 4 of its levels.

You collected 79 gold pieces.

Inventory:

Hand Weapons
 a - a +0 trident (weapon)
   (You found it on level 3 of the Dungeon)
 b - a +0 glaive
   (You found it on level 2 of the Dungeon)
 h - a +0 dagger
   (You took it off a goblin on level 1 of the Dungeon)
 r - a +2 dagger of venom
   (You took it off a goblin on level 2 of the Dungeon)
 x - a -1 spear of flaming
Missiles
 m - 9 stones
 y - 7 poisoned darts (quivered)
Armour
 d - a +0 robe
   (You found it on level 1 of the Dungeon)
 e - a +0 robe
   (You found it on level 1 of the Dungeon)
 p - a +0 leather armour (worn)
   (You found it on level 1 of the Dungeon)
 q - a +0 ring mail
   (You found it on level 1 of the Dungeon)
 s - a +0 robe
   (You found it on level 2 of the Dungeon)
 v - a +0 robe
 A - a +0 ring mail
   (You took it off an orc on level 3 of the Dungeon)
 B - a +0 robe
   (You took it off an orc wizard on level 3 of the Dungeon)
Jewellery
 k - a ring of positive energy
   (You found it on level 1 of the Dungeon)
Scrolls
 z - a scroll of revelation
Potions
 g - 2 potions of might
 o - a potion of cancellation {unknown}
 u - a potion of brilliance {unknown}
 w - a potion of degeneration {unknown}


   Skills:
 - Level 4.0 Fighting
 * Level 5.4 Polearms
 - Level 2.0 Armour
 - Level 1.0 Dodging
 - Level 1.1 Spellcasting
 - Level 3.0 Fire Magic


You had 7 spell levels left.
You didn't know any spells.
Your spell library contained the following spells:

 Spells                   Type           Power      Damage    Failure   Level
 Scorch                   Fire           16%        2d5       14%         2
 Magic Dart               Conj           0%         1d3       32%         1
 Call Imp                 Summ           0%         N/A       43%         2
 Gell's Gravitas          Tloc           0%         N/A       67%         3
 Teleport Other           Tloc           0%         N/A       67%         3
 Dispersal                Tloc           0%         N/A       100%        6
 Blink                    Tloc           Unusable   N/A       N/A         2

Dungeon Overview and Level Annotations

Branches:
Dungeon (4/15)
 Temple: D:4-7

Altars:
Nemelex Xobeh

Annotations:
D:2 1 runed translucent door, Crazy Yiuf, Sigmund
D:4 Robin


Innate Abilities, Weirdness & Mutations

You cannot be hasted, slowed, berserked, paralysed or teleported.
You can dig through walls and to a lower floor.
You have a pair of large antennae on your head. (SInv)
Your four strong arms can wield two-handed weapons with a shield.


Message History

The endoplasm quivers.
You hit the scorpion but do no damage. The scorpion stings you.
You are poisoned.
The scorpion poisons you!
You completely miss the scorpion.
You feel sick. The scorpion stings you.
You are more poisoned.
The scorpion poisons you!
You hit the scorpion but do no damage.
You feel very sick. The scorpion stings you.
* * * LOW HITPOINT WARNING * * *
You barely miss the scorpion.
You feel very sick. The scorpion barely misses you.
Unknown command.
You hit the scorpion.
You feel sick.
The scorpion stings you but does no damage.
The scorpion stings you.
* * * LOW HITPOINT WARNING * * *
You are lethally poisoned!
The scorpion poisons you!
You feel better. The scorpion stings you.
* * * LOW HITPOINT WARNING * * *
You are poisoned.
The scorpion poisons you!
You hit the scorpion.
You feel very sick.
The scorpion stings you but does no damage.
The endoplasm freezes you.
You are frozen.
* * * LOW HITPOINT WARNING * * *
Robin shouts!
You hit the scorpion.
You feel sick. The scorpion stings you.
* * * LOW HITPOINT WARNING * * *
You are lethally poisoned!
The scorpion poisons you! The endoplasm freezes you.
You are frozen.
* * * LOW HITPOINT WARNING * * *
You feel better. The scorpion closely misses you. The endoplasm hits you.
* * * LOW HITPOINT WARNING * * *
Activating: Foxfire Swarm
Press: ? - help, Dir - look around, f - activate Flames leap up around you!
The scorpion stings you.
* * * LOW HITPOINT WARNING * * *
You are lethally poisoned!
The scorpion poisons you! The endoplasm freezes you.
You are frozen.
You die...

,,,,,,,,***,,,,,,,,,,**,,,,#...,,
,,,,,,,,,**,,,,,,,,,,**,,,,#...*,
,,,,,,,,,#**{{,,,,,,,,,.,,,,,*,*,
,,,,,,,,,#.,,,,,,,,,,,.?,,**,*,,,
,,,,,,,,,,,.#######*....,***,**,,
,,,,,,.,,,,,g.....,....,,,,,,**,,
,,,,,,..######vvv#...***,,**,,,,,
,,,,,,........vvv#v###..,,,,,,,,,
..............vv@sv(....,,,,,,,,,
..............vvvJv#....,,,,,,,,,
..............vvv###,,,.,,,,,,,,,
.........#####..## *,,,,,,,,,,*,,
.........#####..####..,,,,,,,,,,,
......................,,,,,,,,,,,
#..)...##.............,,,,,,,,,,,
.).######.........###.,,,,,,,**,,
)..######.)..........,,,,,,,,,,,,


You could see a scorpion (ally target), Robin (ally target) and an endoplasm
(ally target).

Vanquished Creatures
  2 bombardier beetles
  An orc wizard (D:3)
  4 gnolls
  3 adders
  A ribbon worm (D:3)
  3 orcs (D:3)
  3 ball pythons
  10 bats
  An endoplasm (D:2)
  3 giant cockroaches (D:1)
  3 hobgoblins
  A quokka (D:2)
  3 frilled lizards
  9 goblins
  4 kobolds
  8 rats
59 creatures vanquished.

Notes
Turn   | Place    | Note
-------+----------+-------------------------------------------
     0 | D:1      | James the Formicid Cinder Acolyte began the quest for the
                  | Orb.
     0 | D:1      | Reached XP level 1. HP: 18/18 MP: 2/2
   168 | D:1      | Reached XP level 2. HP: 21/24 MP: 3/3
   955 | D:1      | Reached XP level 3. HP: 24/30 MP: 4/4
  1378 | D:2      | Found a sparkling altar of Nemelex Xobeh.
  1601 | D:2      | Noticed Sigmund
  1933 | D:2      | Found a runed translucent door.
  1934 | D:2      | Noticed Crazy Yiuf
  2278 | D:3      | Reached skill level 4 in Polearms
  2278 | D:3      | Reached skill level 1 in Armour
  2278 | D:3      | Reached skill level 1 in Dodging
  2278 | D:3      | Reached XP level 4. HP: 17/37 MP: 5/5
  2572 | D:3      | Reached XP level 5. HP: 19/42 MP: 6/6
  2799 | D:3      | Found a faded altar of an unknown god.
  3130 | D:3      | Reached skill level 5 in Polearms
  3432 | D:4      | Noticed Robin
  3564 | D:4      | Reached XP level 6. HP: 32/48 MP: 7/7
  3705 | D:4      | Frozen to death by an endoplasm

Illustrated notes

Levels and vault maps discovered:
D:1:      heliophobic_arrival_glass_houses, layout_loops_corners,
          minmay_misc_feat_hallway, corner_web_ring, nrook_mini_vaults
D:2:      layout_loops_ring, basic_altar, uniq_crazy_yiuf_cottage, uniq_sigmund
D:3:      layout_loops_ring, dreamdust_ecumenical_altar_statues
D:4:      layout_rooms, uniq_edmund, uniq_robin

Skill      XL: |  1  2  3  4  5 |
---------------+----------------+-----
Fighting       | 4 |  4.0
Polearms       | 4 5 |  5.4
Armour         | 1 2 |  2.0
Dodging        | 1 |  1.0
Spellcasting   | |  1.1
Fire Magic     | |  3.0

Action                     |  1- 3 |  4- 6 || total
---------------------------+-------+-------++-------
  Melee: Spear             |   156 |       ||   156
         Punch             |     1 |     1 ||     2
         Trident           |       |   109 ||   109
  Throw: Stone             |     2 |       ||     2
         Dart              |       |     1 ||     1
 Invoke: Foxfire Swarm     |       |     1 ||     1
    Use: Scroll            |       |     9 ||     9
         Potion            |       |     2 ||     2
 Armour: Robe              |    37 |       ||    37
         Leather armour    |    36 |    69 ||   105
  Dodge: Dodged            |    65 |    48 ||   113
